 Dungeon Crawl Stone Soup version 0.28.0-45-g0d030f2227 (webtiles) character file.

Game seed: 261027295810554453

336 101zpm the Magician (level 6, -2/41 HPs)
             Began as a Djinni Ice Elementalist on Apr 15, 2022.
             Slain by a water moccasin skeleton (3 damage)
             ... on level 5 of the Dungeon on Apr 16, 2022.
             The game lasted 00:08:22 (4896 turns).

101zpm the Magician (Djinni Ice Elementalist)       Turns: 4896, Time: 00:08:22

Health: -2/41      AC:  3    Str:  7    XL:     6   Next: 84%
Gold:   215        EV: 13    Int: 19    God:
                   SH:  0    Dex: 15

rFire   + + .      SeeInvis .   o - +5 mace of Epasy {vorpal, rCorr Dex+2 Stlth+}
rCold   x . .      Faith    .   (no shield)
rNeg    . . .      Spirit   .   a - +0 robe
rPois   ∞          Reflect  .   d - +0 helmet
rElec   .          Harm     .   (no cloak)
rCorr   +          Rampage  .   (no gloves)
Will    .....                   (boots unavailable)
Stlth   +++.......              (no amulet)
HPRegen 0.13/turn               (no ring)
MPRegen 0.00/turn               (no ring)

@: freezing walls, flying
A: sickness immunity, fire resistance 2, cold vulnerability 1, float, innate
caster, HP casting, extra vitality 1
a: no special abilities


You were on level 5 of the Dungeon.
You visited 1 branch of the dungeon, and saw 5 of its levels.

You collected 215 gold pieces.

Inventory:

Hand Weapons
 o - the +5 mace of Epasy (weapon) {vorpal, rCorr Dex+2 Stlth+}
   (You found it on level 5 of the Dungeon)

   It inflicts extra damage upon your enemies.
   Dex:       It affects your dexterity (+2).
   rCorr:     It protects you from acid and corrosion.
   Stlth:     It makes you more stealthy.
Missiles
 h - 84 stones
 i - 29 sling bullets
Armour
 a - a +0 robe (worn)
 d - a +0 helmet (worn)
 q - +0 acid dragon scales
Scrolls
 b - a scroll of blinking {unknown}
 c - 3 scrolls of teleportation {unknown}
 e - 2 scrolls of brand weapon {unknown}
 g - 2 scrolls of identify {unknown}
 l - a scroll of amnesia {unknown}
 m - a scroll of noise {unknown}
 n - a scroll of enchant armour {unknown}
Potions
 f - 2 potions of invisibility {unknown}
 j - a potion of heal wounds {unknown}
 k - 3 potions of curing {unknown}
 p - a potion of might {unknown}


   Skills:
 + Level 0.6 Fighting
 + Level 0.1 Maces & Flails
 + Level 2.8 Dodging
 + Level 2.2 Stealth
 + Level 0.2 Unarmed Combat
 + Level 5.5 Spellcasting


You had 2 spell levels left.
You knew the following spells:

 Your Spells              Type           Power      Damage    Failure   Level
a - Freeze                Ice            100%       1d11      1%          1
b - Frozen Ramparts       Ice            52%        1d7       3%          3
c - Ozocubu's Armour      Ice            26%        N/A       3%          3
d - Hailstorm             Conj/Ice       26%        3d7       12%         4
e - Shock                 Conj/Air       100%       1d9       1%          1
f - Static Discharge      Conj/Air       26%        N/A       1%          2
Your spell library was empty.

Dungeon Overview and Level Annotations

Branches:
Dungeon (5/15)             Temple (0/1) D:5

Altars:
Ashenzari
Gozag
Makhleb
Okawaru
Xom


Innate Abilities, Weirdness & Mutations

You are immune to sickness and miasma.
You are immune to poison.
Your flesh is very heat resistant. (rF++)
You are vulnerable to cold. (rC-)
You float through the air rather than walking.
You learn spells naturally, not from books.
Your magical power is your life essence.
You have superior vitality. (+4 MHP)


Message History

The water moccasin skeleton barely misses you.
Casting: Shock (safe; 1% risk of failure)
Confirm with . or Enter, or press ? or * to list all spells.
You don't know that spell.
Unknown command.
Casting: Shock (safe; 1% risk of failure)
Confirm with . or Enter, or press ? or * to list all spells.
The water moccasin skeleton is struck by an arc of lightning.
The water moccasin skeleton is heavily damaged.
You are struck by an arc of lightning.
* * * LOW HITPOINT WARNING * * *
The lightning grounds out.
* * * LOW HITPOINT WARNING * * *
The water moccasin skeleton resists.
The wall freezes the water moccasin skeleton.
The water moccasin skeleton misses you.
Casting: Static Discharge (safe; 1% risk of failure)
Confirm with . or Enter, or press ? or * to list all spells.
The water moccasin skeleton is struck by an arc of lightning.
The water moccasin skeleton is heavily damaged.
You are struck by an arc of lightning.
* * * LOW HITPOINT WARNING * * *
The lightning grounds out.
* * * LOW HITPOINT WARNING * * *
The water moccasin skeleton resists.
The wall freezes the water moccasin skeleton.
The water moccasin skeleton barely misses you.
The water moccasin skeleton resists.
The wall freezes the water moccasin skeleton.
The water moccasin skeleton completely misses you.
Casting: Static Discharge (safe; 1% risk of failure)
Confirm with . or Enter, or press ? or * to list all spells.
The water moccasin skeleton is struck by an arc of lightning!
The water moccasin skeleton is almost destroyed.
The lightning grounds out.
* * * LOW HITPOINT WARNING * * *
The water moccasin skeleton resists.
The wall freezes the water moccasin skeleton.
The water moccasin skeleton bites you.
You die...

###########
#.........#
#.#######.#
#.........#####...
#..######.@Z....#
#..##......###.##
#..##.###.##
#..##.###.#
#.........#
##........#
####.##### #.# #.#
##+## ###


You could see a water moccasin skeleton.

Vanquished Creatures
  An acid dragon (D:5)
  An ogre (D:5)
  A necrophage (D:3)
  An orc priest (D:5)
  2 adders
  An orc (D:5)
  5 ball pythons (D:1)
  5 endoplasms
  3 giant cockroaches
  9 hobgoblins
  2 quokkas
  4 bats
  A goblin (D:1)
  10 kobolds
  5 rats
51 creatures vanquished.

Vanquished Creatures (others)
  A water moccasin skeleton (D:5)
  An ufetubus (D:5)
2 creatures vanquished.

Grand Total: 53 creatures vanquished

Notes
Turn   | Place    | Note
-------+----------+-------------------------------------------
     0 | D:1      | 101zpm the Djinni Ice Elementalist began the quest for the
                  | Orb.
     0 | D:1      | Reached XP level 1. HP: 15/15 MP: 0/0
   477 | D:2      | Identified the +5 trident "Suossem" {drain, *Slow rF+ rC+
                  | Str+2}
   625 | D:2      | Reached XP level 2. HP: 14/21 MP: 0/0
   924 | D:2      | Found a faded altar of an unknown god.
  2001 | D:1      | Reached XP level 3. HP: 19/25 MP: 0/0
  2001 | D:1      | Learned a level 1 spell: Shock
  3292 | D:3      | Reached skill level 4 in Spellcasting
  3387 | D:3      | Found a shimmering altar of Xom.
  3411 | D:3      | Noticed a necrophage
  3433 | D:3      | Killed a necrophage
  3434 | D:3      | Reached XP level 4. HP: 10/31 MP: 0/0
  3434 | D:3      | Reached XP level 5. HP: 12/36 MP: 0/0
  3434 | D:3      | Learned a level 2 spell: Static Discharge
  3995 | D:3      | Found an opulent altar of Gozag.
  4305 | D:5      | Entered Level 5 of the Dungeon
  4435 | D:5      | Noticed an ogre
  4448 | D:5      | Killed an ogre
  4449 | D:5      | Reached skill level 5 in Spellcasting
  4449 | D:5      | Reached XP level 6. HP: 29/41 MP: 0/0
  4556 | D:5      | Found an iron altar of Okawaru.
  4607 | D:5      | Found a burning altar of Makhleb.
  4607 | D:5      | Found a broken altar of Ashenzari.
  4744 | D:5      | Identified the +5 mace of Epasy {vorpal, rCorr Dex+2
                  | Stlth+}
  4806 | D:5      | Found a staircase to the Ecumenical Temple.
  4871 | D:5      | Noticed an acid dragon
  4875 | D:5      | Killed an acid dragon
  4896 | D:5      | Slain by a water moccasin skeleton

Illustrated notes

Levels and vault maps discovered:
D:1:      dpeg_arrival_pits, layout_basic
D:2:      layout_loops_cross, hellmonk_ecumenical_altar_crossroads,
          patterned_corridor
D:3:      layout_basic, mainiacjoe_overflow_surrounded_room,
          nicolae_gozag_cash_rules_everything_around_me,
          chequers_serial_rivers_micro_a
D:4:      minmay_chambers_of_threes, layout_basic, good_gods_temple_1,
          minmay_misc_feat_more_columns
D:5:      layout_loops_corners, general_overflow_altar,
          gammafunk_temple_overflow_statue, minmay_temple_entry_proselytizer,
          lemuel_flamethrower_2

Skill      XL: |  1  2  3  4  5 |
---------------+----------------+-----
Spellcasting   | 4 5 |  5.5
Stealth        | 2 |  2.2
Fighting       | |  0.6
Maces & Flails | |  0.1
Dodging        | |  2.8
Unarmed Combat | |  0.2

Action                   |  1- 3 |  4- 6 || total
-------------------------+-------+-------++-------
Melee: Unarmed           |     9 |       ||     9
       Mace              |       |     2 ||     2
 Cast: Freeze            |    58 |     9 ||    67
       Shock             |     5 |    13 ||    18
       Frozen Ramparts   |     3 |     6 ||     9
       Ozocubu's Armour  |     1 |     1 ||     2
       Static Discharge  |       |     4 ||     4
Armor: Robe              |    20 |     2 ||    22
Dodge: Dodged            |    36 |    10 ||    46
